 Dungeon Crawl Stone Soup version 0.23.2-33-g5129a83184 (webtiles) character file.

Game seed: 15186572468200378592

4480 Acheron the Chopper (level 10, -5/59 HPs)
             Began as a Gargoyle Gladiator on July 17, 2019.
             Was a Priest of Okawaru.
             Slain by an orc warrior
             ... wielding a +0 glaive
              (20 damage)
             ... on level 9 of the Dungeon.
             The game lasted 00:38:01 (8757 turns).

Acheron the Chopper (Gargoyle Gladiator)            Turns: 8757, Time: 00:38:02

Health: -5/59      AC: 16    Str: 18    XL:     10   Next: 38%
Magic:  15/16      EV: 12    Int: 11    God:    Okawaru [***...]
Gold:   308        SH:  0    Dex: 12    Spells: 17/17 levels left

rFire    . . .     SeeInvis +   a - +0 war axe
rCold    . . .     Gourm    .   q - +2 buckler
rNeg     + . .     Faith    .   x - +0 scale mail
rPois    ∞         Spirit   .   c - +0 helmet
rElec    +         Reflect  .   (no cloak)
rCorr    .         Harm     .   (no gloves)
MR       .....                  (no boots)
Stlth    +.........             (no amulet)
HPRegen  0.19/turn              r - ring of stealth
MPRegen  0.15/turn              l - ring of see invisible

@: confused
A: negative energy resistance 1, electricity resistance, unbreathing,
petrification resistance, rot immunity, AC +7
a: Heroism, Renounce Religion


You were on level 9 of the Dungeon.
You worshipped Okawaru.
Okawaru was most pleased with you.
You were not hungry.

You visited 2 branches of the dungeon, and saw 10 of its levels.

You collected 455 gold pieces.
You spent 147 gold pieces at shops.

Inventory:

Hand Weapons
 a - a +0 war axe (weapon)
 t - a +0 blowgun
 u - a +3 short sword
 y - a +0 trident
 z - a +0 whip of flaming
 D - a +1 whip of freezing
 I - a +2 whip of draining
Missiles
 d - 3 throwing nets (quivered)
 m - 108 stones
 p - 15 poisoned needles
 v - 9 curare-tipped needles
 C - 83 sling bullets
 G - 13 tomahawks of returning
Armour
 c - a +0 helmet (worn)
 q - a +2 buckler (worn)
 x - a +0 scale mail (worn)
 A - the cursed +0 leather armour of Beyond {rPois Regen+ Slay+3}
   (You bought it in a shop on level 6 of the Dungeon)

   It affects your accuracy and damage with ranged weapons and melee attacks
   (+3).
   It protects you from poison.
   It increases your rate of regeneration.
   It has a curse placed upon it.
Magical Staves
 e - an uncursed staff of cold {unknown}
 n - an uncursed staff of power
Jewellery
 h - a +1 ring of protection
 l - a ring of see invisible (right hand)
 r - a ring of stealth (left hand)
 B - a +4 ring of intelligence
Wands
 b - a wand of acid (9)
 w - a wand of scattershot (5)
 E - a wand of paralysis (7)
 F - a wand of disintegration (13)
 J - a wand of enslavement (9)
Scrolls
 i - 6 scrolls of identify
 s - a scroll of remove curse
 H - 2 scrolls of teleportation
Potions
 g - 2 potions of curing
 j - a potion of invisibility
 k - 2 potions of brilliance
 o - a potion of magic
 L - a potion of heal wounds {unknown}
 M - 2 potions of lignification {unknown}
Comestibles
 f - 9 rations
 K - 2 chunks of flesh


   Skills:
 * Level 5.5 Fighting
 + Level 6.4 Axes
 * Level 4.5 Throwing
 * Level 6.0 Armour
 * Level 4.7 Dodging
 * Level 5.3 Stealth
 * Level 4.5 Shields
 * Level 4.2 Spellcasting
 * Level 3.3 Evocations


You had 17 spell levels left.
You didn't know any spells.
Your spell library contained the following spells:

 Spells                   Type           Power        Failure   Level  Hunger
 Shock                    Conj/Air       #...         56%         1    #......
 Swiftness                Chrm/Air       #.......     71%         2    ##.....
 Static Discharge         Conj/Air       #.......     90%         3    ###....
 Airstrike                Air            #.........   100%        4    #####..
 Lightning Bolt           Conj/Air       #.........   100%        5    ######.


Dungeon Overview and Level Annotations

Branches:
Dungeon (9/15)             Temple (1/1) D:7
   Lair: D:8-11         Orc: D:9-12

Altars:
Ashenzari
Cheibriados
Dithmenos
Elyvilon
Gozag
Makhleb
Nemelex Xobeh
Okawaru
Qazlal
Ru
Sif Muna
Trog
Uskayaw
Vehumet
Wu Jian
Yredelemnul

Shops:
D:6 [

Annotations:
D:5 exclusion: downstairs


Innate Abilities, Weirdness & Mutations

You are resistant to torment.
Your stone body is resilient. (AC +7)
You are immune to poison.
You resist negative energy. (rN+)
You are resistant to electric shocks. (rElec)
You can survive without breathing.
You are immune to petrification.
You are immune to rotting.


Message History

The orc wizard hits you but does no damage.
The orc warrior hits you from afar with a +0 glaive!
Your scale mail prevents you from hitting the orc wizard.
The orc wizard is severely wounded.
The orc wizard misses you.
You bump into the rock wall.
The orc wizard hits you but does no damage.
The orc warrior hits you from afar with a +0 glaive!
* * * LOW HITPOINT WARNING * * *
The orc wizard gestures at you while chanting.
The magic dart hits you but does no damage.
Found a scroll of identify.
You bump into the rock wall.
You feel like a meek peon again. The orc wizard casts a spell at you.
The puff of flame misses you.
The orc wizard hits you with a +0 dagger.
* * * LOW HITPOINT WARNING * * *
The orc warrior hits you from afar with a +0 glaive!!
You die...

#.# ..# .# ######### .#
. # #.....# .# .# #
#.###.####### #.##^
###.# #.......# ?...
....#########.# ..#
###....(#....o####..###
#.###.#....ooo@.....#
#.## #....######.#.#
##.(.##.#....# #
..._...o.....#
##...###.....# # #.##
#(....# # .# #.....# .
# #(#### #


You could see an orc warrior, an orc wizard (invisible) and 2 orcs.

Vanquished Creatures
  A two-headed ogre (D:8)
  A troll (D:7)
  A hippogriff (D:8)
  A yak (D:7)
  A human (D:7)
  3 hogs (D:7)
  4 ice beasts
  3 phantoms
  A black bear (D:8)
  An ogre (D:6)
  2 necrophages (D:8)
  2 centaurs
  A big kobold (D:7)
  4 bullfrogs
  A scorpion (D:8)
  2 howler monkeys
  3 bullfrog zombies
  4 crimson imps
  A centaur zombie (D:7)
  7 hounds
  3 jellies
  A centaur skeleton (D:8)
  A gnoll shaman (D:9)
  2 bullfrog skeletons (D:8)
  2 iguanas
  6 worker ants
  2 orc wizards (D:3)
  A hound zombie (D:6)
  10 gnolls
  8 adders
  A shadow imp (D:6)
  An ooze (D:4)
  3 worms
  A dart slug (D:3)
  2 leopard geckos
  8 orcs
  4 giant cockroaches
  8 hobgoblins
  2 jackals (D:2)
  5 quokkas
  A ball python (D:1)
  8 bats
  2 frilled lizards
  6 goblins
  A goblin zombie (D:7)
  A jackal skeleton (D:5)
  A jackal zombie (D:6)
  9 kobolds
  A leopard gecko zombie (D:7)
  A quokka zombie (D:5)
  6 rats
  A rat zombie (D:7)
153 creatures vanquished.

Notes
Turn   | Place    | Note
-------+----------+-------------------------------------------
     0 | D:1      | Acheron the Gargoyle Gladiator began the quest for the Orb.
     0 | D:1      | Reached XP level 1. HP: 12/12 MP: 1/1
   258 | D:1      | Reached XP level 2. HP: 17/17 MP: 2/2
   500 | D:2      | Reached XP level 3. HP: 2/22 MP: 3/3
  1116 | D:2      | Reached skill level 1 in Stealth
  1559 | D:2      | Reached skill level 1 in Spellcasting
  1684 | D:3      | Found a shadowy altar of Dithmenos.
  1731 | D:3      | Reached skill level 1 in Armour
  1746 | D:3      | Reached XP level 4. HP: 27/27 MP: 5/5
  1767 | D:3      | HP: 1/27 [something/magic dart (7)]
  2191 | D:3      | Reached XP level 5. HP: 28/31 MP: 6/6
  2417 | D:3      | Found an ornate altar of the Wu Jian Council.
  2585 | D:4      | Reached skill level 1 in Shields
  2861 | D:4      | Reached XP level 6. HP: 36/36 MP: 8/8
  2888 | D:5      | Entered Level 5 of the Dungeon
  3199 | D:4      | Noticed a phantom
  3246 | D:4      | Killed a phantom
  3627 | D:5      | Reached XP level 7. HP: 24/41 MP: 10/10
  5149 | D:6      | Found Hutesos's Antique Armour Emporium.
  5169 | D:6      | Reached XP level 8. HP: 6/48 MP: 11/11
  5441 | D:6      | Found an opulent altar of Gozag.
  5479 | D:6      | Reached skill level 1 in Evocations
  5529 | D:6      | Bought a crude leather armour for 147 gold pieces
  5537 | D:6      | Identified the cursed +0 leather armour of Beyond {rPois
                  | Regen+ Slay+3} (You bought it in a shop on level 6 of the
                  | Dungeon)
  6326 | D:7      | Found a staircase to the Ecumenical Temple.
  6336 | Temple   | Entered the Ecumenical Temple
  6376 | Temple   | Became a worshipper of Warmaster Okawaru
  6400 | D:7      | Reached skill level 5 in Axes
  6413 | D:7      | Noticed a troll
  6431 | D:7      | Killed a troll
  6431 | D:7      | Reached XP level 9. HP: 12/52 MP: 13/13
  6595 | D:7      | Found a sparkling altar of Nemelex Xobeh.
  6649 | D:7      | Reached * piety under Okawaru
  6902 | D:7      | Reached skill level 5 in Armour
  7095 | D:8      | Noticed a two-headed ogre
  7142 | D:9      | Reached skill level 5 in Fighting
  7448 | D:9      | Noticed a two-headed ogre
  7496 | D:8      | Found a white marble altar of Elyvilon.
  7958 | D:8      | Reached ** piety under Okawaru
  7973 | D:8      | Killed a two-headed ogre
  7973 | D:8      | Reached skill level 5 in Stealth
  7973 | D:8      | Reached XP level 10. HP: 53/59 MP: 14/16
  8103 | D:8      | Found a hide-covered altar of Uskayaw.
  8253 | D:8      | Reached *** piety under Okawaru
  8461 | D:8      | Found a snail-covered altar of Cheibriados.
  8699 | D:9      | Found a stormy altar of Qazlal.
  8757 | D:9      | Slain by an orc warrior

Skill      XL: |  1  2  3  4  5  6  7  8  9 10 |
---------------+-------------------------------+-----
Throwing       | 2 3 4 |  4.5
Stealth        | 1 2 3 4 5 |  5.3
Spellcasting   | 1 2 3 4 |  4.2
Axes           | 3 4 5 6 |  6.4
Armour         | 1 2 3 4 5 6 |  6.0
Dodging        | 3 4 |  4.7
Shields        | 1 2 3 4 |  4.5
Fighting       | 3 4 5 |  5.5
Evocations     | 2 3 |  3.3

Action                   |  1- 3 |  4- 6 |  7- 9 | 10-12 || total
-------------------------+-------+-------+-------+-------++-------
Melee: War axe           |    99 |   166 |   375 |    98 ||   738
 Fire: Blowgun           |       |       |    12 |       ||    12
Throw: Throwing net      |       |     1 |     2 |       ||     3
Invok: Heroism           |       |       |     5 |     1 ||     6
Evoke: Wand              |       |       |     1 |       ||     1
  Use: Potion            |     3 |       |     4 |       ||     7
       Scroll            |       |     7 |     8 |     3 ||    18
 Stab: Sleeping          |     1 |     3 |     5 |     3 ||    12
       Invisible         |       |       |     3 |       ||     3
  Eat: Chunk             |     3 |     3 |     5 |       ||    11
       Ration            |       |     1 |     3 |     1 ||     5
Armor: Leather armour    |    53 |    57 |     3 |       ||   113
       Scale mail        |       |       |   217 |    65 ||   282
Dodge: Dodged            |    76 |   105 |   278 |    61 ||   520
Block: Buckler           |    13 |    39 |   129 |    41 ||   222
